 Dungeon Crawl Stone Soup version 0.26-a0-611-g354ed81502 (webtiles) character file.

Game seed: 11039643645266532856

74 MrRokkomies the Skirmisher (level 3, -5/36 HPs)
             Began as a Demigod Wanderer on Sept 7, 2020.
             Killed by nerve-wracking pain
             ... invoked by Jessica
              (12 damage)
             ... on level 2 of the Dungeon.
             The game lasted 00:02:01 (825 turns).

MrRokkomies the Skirmisher (Demigod Wanderer)        Turns: 825, Time: 00:02:02

Health: -5/36      AC:  7    Str: 13 (16) XL:     3   Next: 85%
Magic:  5/5        EV:  9    Int: 17      God:
Gold:   31         SH:  0    Dex: 14 (15) Spells: 2/2 levels left

rFire    . . .     SeeInvis .   a - +2 mace
rCold    . . .     Faith    .   (no shield)
rNeg     . . .     Spirit   .   j - +0 scale mail
rPois    .         Reflect  .   (no helmet)
rElec    .         Harm     .   (no cloak)
rCorr    .                      l - +0 pair of gloves
MR       .....                  (no boots)
Stlth    ..........             (no amulet)
HPRegen  0.12/turn              (no ring)
MPRegen  0.09/turn              (no ring)

@: berserk cooldown, slowed, very slow
A: high mp 1
a: no special abilities


You were on level 2 of the Dungeon.
You visited 1 branch of the dungeon, and saw 2 of its levels.

You collected 31 gold pieces.

Inventory:

Hand Weapons
 a - a +2 mace (weapon)
Missiles
 h - 40 arrows
Armour
 j - a +0 scale mail (worn)
 l - a +0 pair of gloves (worn)
Scrolls
 b - a scroll of remove curse {unknown}
 e - a scroll of enchant weapon {unknown}
 g - 2 scrolls of identify {unknown}
 k - a scroll of magic mapping {unknown}
Potions
 c - a potion of lignification
 d - a potion of cancellation {unknown}
 f - 2 potions of degeneration
 i - a potion of heal wounds {unknown}
 m - a potion of berserk rage


   Skills:
 * Level 5.1 Fighting
 * Level 2.8 Maces & Flails
 - Level 1.0 Armour
 + Level 1.2 Dodging
   Level 1.7 Shields


You had 2 spell levels left.
You didn't know any spells.
Your spell library was empty.

Dungeon Overview and Level Annotations

Branches:
Dungeon (2/15)

Annotations:
D:2 Jessica


Innate Abilities, Weirdness & Mutations

You have an increased reservoir of magic. (+10% MP)


Message History

You feel yourself slow down.
Jessica the Apprentice Sorceress comes into view.
She is wearing a +2 robe of cold resistance.
Jessica shouts!
An orc comes into view. It is wielding a +0 dagger.
Things that are here:
a +0 mace; an adder corpse The orc shouts!
You hear a shout!
Items here: )) [ ††.
Jessica gestures wildly while chanting.
Jessica blinks!
You hit the orc.
The orc is severely wounded.
The orc hits you but does no damage.
Jessica casts a spell.
Jessica seems to speed up.
The orc barely misses you.
You hit the orc.
You kill the orc!
Jessica gestures at you while chanting. Pain shoots through your body!
You die...

........###.#.#.#
.............@...
.#...##.#)#####.#
.... #.#)#
.#...##.#.####
#.......@...#
...#.##.##.# ...
#.<# # ..... #.@#
## #..# ....#
..##.## #.. #.#
#. #.# . ... #.


You could see Jessica (fast).

Vanquished Creatures
  An orc wizard (D:2)
  An adder (D:2)
  2 dart slugs (D:1)
  3 leopard geckos
  2 orcs (D:2)
  A ball python (D:1)
  6 goblins
  3 hobgoblins (D:1)
  3 bats
  2 kobolds (D:1)
  6 rats (D:1)
30 creatures vanquished.

Vanquished Creatures (others)
  A plant (D:1)
1 creature vanquished.

Grand Total: 31 creatures vanquished

Notes
Turn   | Place    | Note
-------+----------+-------------------------------------------
     0 | D:1      | MrRokkomies the Demigod Wanderer began the quest for the
                  | Orb.
     0 | D:1      | MrRokkomies set off with the following items: a +2 mace, a
                  | +0 ring mail, a potion of lignification
     0 | D:1      | Reached XP level 1. HP: 22/22 MP: 3/3
   264 | D:1      | Reached XP level 2. HP: 28/28 MP: 4/4
   795 | D:2      | Reached skill level 1 in Dodging
   795 | D:2      | Reached XP level 3. HP: 14/35 MP: 5/5
   802 | D:2      | Reached skill level 5 in Fighting
   816 | D:2      | Noticed Jessica
   825 | D:2      | Killed from afar by Jessica

Illustrated notes

Levels and vault maps discovered:
D:1:      roderic_crop_circles_arrival_small, layout_loops_ring
D:2:      layout_basic, lemuel_doored_altar, nicolae_ru_the_path_less_chosen,
          minmay_cupped, uniq_jessica

Skill      XL: |  1  2  3 |
---------------+----------+-----
Maces & Flails | 2 |  2.8
Dodging        | 1 |  1.2
Fighting       | 5 |  5.1
Armour         | |  1.0
Shields        | |  1.7

Action                   || total
-------------------------++-------
Melee: Mace              ||    84
  Use: Potion            ||     2
Armor: Ring mail         ||    19
       Scale mail        ||    23
Dodge: Dodged            ||    59

Table legend: (Time is in decaauts)
 A = Elapsed time spent in this place.
 B = Non-inter-level travel time spent in this place.
 C = Inter-level travel time spent in this place.
 D = Time resting spent in this place.
 E = Time spent auto-exploring this place.
 F = Levels seen in this place.
 G = Mean time per level.
                   A        B        C        D        E       F      G
               +--------+--------+--------+--------+--------+-----+--------+
         Total |    849 |    811 |     38 |      0 |    590 |   2 |  424.5 |
       Dungeon |    849 |    811 |     38 |      0 |    590 |   2 |  424.5 |
               +--------+--------+--------+--------+--------+-----+--------+

Top non-repeatable levels by time:
     D:1: 791 daAuts
     D:2: 57 daAuts
